 Dungeon Crawl Stone Soup version 0.29.1-2-gbd0b4ee654 (webtiles) character file.

Game seed: 5448150100262197370

831 Icepheonix32 the Insei (level 7, -5/53 HPs)
             Began as a Demigod Transmuter on Nov 4, 2022.
             Slain by Duvessa
             ... wielding a +0 rapier
              (12 damage)
             ... on level 3 of the Dungeon.
             The game lasted 00:08:35 (3739 turns).

Icepheonix32 the Insei (Demigod Transmuter)         Turns: 3739, Time: 00:08:36

Health: -5/53      AC:  2    Str: 10 (11) XL:     7   Next: 38%
Magic:  15/15      EV: 20    Int: 21 (23) God:
Gold:   56         SH:  0    Dex: 17 (19) Spells: 0/12 levels left

rFire   . . .      SeeInvis .     - Unarmed
rCold   . . .      Faith    .   (shield currently unavailable)
rNeg    . . .      Spirit   .   (body armour currently unavailable)
rPois   x          Reflect  .   (helmet currently unavailable)
rElec   .          Harm     .   (cloak currently unavailable)
rCorr   .          Rampage  .   (gloves currently unavailable)
Will    +....                   (boots currently unavailable)
Stlth   +.........              i - amulet of regeneration
HPRegen 0.97/turn               l - ring of willpower
MPRegen 0.14/turn               (no ring)

@: confused, mighty, spider-form (expiring), ambrosia-drunk
A: venomous fangs, tiny, high MP 1, forlorn, divine attributes
a: End Transformation


You were on level 3 of the Dungeon.
You were a venomous arachnid creature.
You visited 1 branch of the dungeon, and saw 4 of its levels.

You collected 236 gold pieces.
You spent 180 gold pieces at shops.

Inventory:

Hand Weapons
 m - a +2 whip of electrocution
Missiles
 d - 5 boomerangs
 g - 2 atropa-tipped darts
Armour
 a - a +0 robe (melded)
 e - a +0 pair of gloves (melded)
 s - a +0 cloak (melded)
 t - the +5 ring mail "Caetroe" {Fly rF+ rN+ Int-5}
   (You bought it in a shop on level 4 of the Dungeon)

   Int:       It affects your intelligence (-5).
   rF:        It protects you from fire.
   rN:        It protects you from negative energy.
   Fly:       It grants you flight.
Jewellery
 i - an amulet of regeneration (around neck)
 l - a ring of willpower (left front leg)
Scrolls
 f - a scroll of enchant armour {unknown}
 j - 3 scrolls of identify {unknown}
 o - a scroll of silence {unknown}
 r - a scroll of vulnerability {unknown}
Potions
 h - a potion of might
 p - a potion of resistance {unknown}


   Skills:
 + Level 1.7 Fighting
 + Level 3.4 Dodging
 + Level 1.2 Stealth
 + Level 4.8 Unarmed Combat
 + Level 3.2 Spellcasting
 * Level 3.9 Transmutations
 * Level 0.5 Ice Magic
 + Level 2.5 Poison Magic


You couldn't memorise any spells.
You knew the following spells:

 Your Spells              Type           Power      Damage    Failure   Level
a - Beastly Appendage     Tmut           40%        N/A       10%         1
b - Spider Form           Tmut/Pois      17%        N/A       26%         3
c - Wereblood             Tmut           20%        N/A       12%         2
d - Ice Form              Ice/Tmut       12%        N/A       67%         4
e - Passwall              Tmut/Erth      9%         N/A       22%         2

Your spell library contained the following spells:

 Spells                   Type           Power      Damage    Failure   Level
 Apportation              Tloc           6%         N/A       30%         1
 Necrotise                Necr           12%        1d4       30%         1
 Sandblast                Erth           6%         2d5       30%         1
 Summon Small Mammal      Summ           12%        N/A       30%         1
 Scorch                   Fire           6%         2d5       41%         2
 Confusing Touch          Hex            3%         N/A       58%         3
 Stone Arrow              Conj/Erth      6%         3d7       58%         3
 Flame Wave               Conj/Fire      3%         2d5       91%         4
 Yara's Violent Unravell  Hex/Tmut       5%         3d4       95%         5
 Summon Cactus Giant      Summ           1%         N/A       100%        6
 Enfeeble                 Hex            1%         N/A       100%        7


Dungeon Overview and Level Annotations

Branches:
Dungeon (4/15)
 Temple: D:4-7

Shops:
D:4 [

Annotations:
D:3 Duvessa
D:4 Menkaure


Innate Abilities, Weirdness & Mutations

You are a venomous arachnid creature.
You have poisonous fangs.
You are tiny and dextrous.
Your spellcasting is less reliable in this form.
Your armour is entirely melded.
You are incapable of wielding weapons or throwing items.
You have an increased reservoir of magic. (+10% MP)
You shall have no god before yourself.
Your divine heritage dramatically boosts your attributes as you level up.


Message History

Duvessa is moderately wounded.
Duvessa hits you with a +0 rapier!
You hit Duvessa but do no damage.
Duvessa looks even sicker.
Duvessa is moderately wounded.
Duvessa hits you with a +0 rapier! Duvessa closely misses you.
You hit Duvessa but do no damage.
Duvessa is moderately wounded.
Duvessa hits you with a +0 rapier!
Unknown command.
You barely miss Duvessa.
Duvessa is moderately wounded.
Duvessa misses you. Duvessa completely misses you.
Unknown command.
It was a potion of might.
You feel very mighty all of a sudden. Duvessa hits you with a +0 rapier.
You barely miss Duvessa.
Duvessa is heavily wounded.
Duvessa hits you with a +0 rapier. Duvessa completely misses you.
Unknown command.
You hit Duvessa.
Duvessa looks as sick as possible!
Duvessa is heavily wounded.
Dowan gestures wildly while chanting.
Dowan blinks!
Duvessa says, "My weaknesses are his strengths!"
Duvessa hits you with a +0 rapier!
* * * LOW HITPOINT WARNING * * *
It was a potion of degeneration.
There was something very wrong with that liquid.
You feel weakened.
You feel dopey.
You feel clumsy.
Your transformation is almost over.
Duvessa weeps, and shakes her weapon.
Duvessa goes berserk!
You feel a bit more experienced. Duvessa completely misses you.
It was a potion of ambrosia.
You are confused.
You feel invigorated. Duvessa hits you with a +0 rapier!
* * * LOW HITPOINT WARNING * * *
Duvessa hits you with a +0 rapier!
You die...

#........#.# ##........
###.######.# #..<######
#......##.#####.########
#..###.##.##............
#..#...##.#..##.########
#.<#.#.##.#.###.#
#.##.#.##...###.########
#.##.#.##>..............
#.##.#.se.....#.#.......
##.##.#.######.#.#.......
#..............#.#.......
#####[#.######.#.#.......
#[#.########.#######.
#.#........#.##......
#....................
##########.#.##......
#.#.##......


You could see Duvessa (berserk, fast, extremely poisoned).

Vanquished Creatures
  Pikel (D:4)
  2 scorpions (D:3)
  Dowan (D:3)
  A hound (D:4)
  Jessica (D:2)
  Terence (D:3)
  2 orc wizards (D:3)
  2 adders
  A gnoll (D:1)
  A worm (D:3)
  A dart slug (D:1)
  2 orcs (D:3)
  7 giant cockroaches
  5 goblins
  8 hobgoblins
  A quokka (D:1)
  6 ball pythons
  7 bats
  6 frilled lizards
  4 kobolds
  5 rats
65 creatures vanquished.

Vanquished Creatures (others)
  5 fungi (D:4)
  4 toadstools (D:4)
9 creatures vanquished.

Grand Total: 74 creatures vanquished

Notes
Turn   | Place    | Note
-------+----------+-------------------------------------------
     0 | D:1      | Icepheonix32 the Demigod Transmuter began the quest for the
                  | Orb.
     0 | D:1      | Reached XP level 1. HP: 15/15 MP: 5/5
   313 | D:1      | Reached skill level 3 in Unarmed Combat
   313 | D:1      | Reached XP level 2. HP: 19/22 MP: 5/7
   915 | D:2      | Reached XP level 3. HP: 27/27 MP: 6/8
  1072 | D:2      | Noticed Jessica
  1079 | D:2      | Killed Jessica
  1330 | D:2      | Learned a level 3 spell: Spider Form
  1515 | D:2      | Reached XP level 4. HP: 34/34 MP: 8/10
  1722 | D:3      | Noticed Terence
  1734 | D:3      | Killed Terence
  1735 | D:3      | Reached skill level 1 in Fighting
  2456 | D:3      | Reached skill level 1 in Poison Magic
  2456 | D:3      | Reached XP level 5. HP: 12/40 MP: 11/11
  2959 | D:4      | Noticed Pikel
  2985 | D:4      | Killed Pikel
  2986 | D:4      | Reached skill level 1 in Stealth
  2986 | D:4      | Reached skill level 4 in Unarmed Combat
  2986 | D:4      | Reached XP level 6. HP: 32/47 MP: 11/13
  2986 | D:4      | Reached XP level 7. HP: 35/52 MP: 11/14
  3033 | D:4      | Found Betae's Antique Armour Shoppe.
  3202 | D:4      | Noticed Dowan
  3206 | D:4      | Noticed Duvessa
  3285 | D:4      | Bought a smoking ring mail for 180 gold pieces
  3285 | D:4      | Identified the +5 ring mail "Caetroe" {Fly rF+ rN+ Int-5}
                  | (You bought it in a shop on level 4 of the Dungeon)
  3318 | D:4      | Noticed Menkaure
  3370 | D:3      | Learned a level 2 spell: Wereblood
  3375 | D:3      | Learned a level 4 spell: Ice Form
  3554 | D:3      | Learned a level 2 spell: Passwall
  3738 | D:3      | Killed Dowan
  3739 | D:3      | Slain by Duvessa

Illustrated notes

Levels and vault maps discovered:
D:1:      minmay_arrival_semitransparent, layout_rooms, minmay_tromino_v4_b
D:2:      layout_loops_ring, st_stairs_2, uniq_jessica
D:3:      layout_basic, shapermc_ecumenical_altar_mp_urbaneastern,
          chequers_serial_rivers_micro_b, uniq_terence
D:4:      layout_basic, serial_shops, nicolae_diamond_shop,
          minmay_gold_behind_fungi, uniq_duvessa, uniq_menkaure, uniq_pikel

Skill      XL: |  1  2  3  4  5 |
---------------+----------------+-----
Transmutations | 2 3 |  3.9
Unarmed Combat | 3 4 |  4.8
Dodging        | 2 3 |  3.4
Spellcasting   | 2 3 |  3.2
Fighting       | 1 |  1.7
Poison Magic   | 1 2 |  2.5
Stealth        | 1 |  1.2
Ice Magic      | |  0.5

Action                   |  1- 3 |  4- 6 |  7- 9 || total
-------------------------+-------+-------+-------++-------
Melee: Unarmed           |    86 |   103 |    61 ||   250
       Kick              |    17 |    15 |     9 ||    41
       Headbutt          |    12 |     4 |     5 ||    21
       Punch             |     2 |     5 |     2 ||     9
 Cast: Beastly Appendage |    25 |     9 |     6 ||    40
       Spider Form       |       |       |     1 ||     1
       Ice Form          |       |       |     1 ||     1
       Passwall          |       |       |     1 ||     1
  Use: Scroll            |     3 |       |     2 ||     5
       Potion            |       |     5 |     5 ||    10
 Stab: Sleeping          |       |       |     1 ||     1
Armor: Robe              |    35 |    17 |     6 ||    58
       Skin              |       |    31 |     1 ||    32
Dodge: Dodged            |    75 |    39 |    31 ||   145
